 Dungeon Crawl Stone Soup version 0.29.0-11-gd7f09526c8 (webtiles) character file.

Game seed: 16594596585385510525

101584 KamiKatze the Eclecticist (level 15, -18/85 HPs)
             Began as a Deep Elf Conjurer on Sept 4, 2022.
             Was the Champion of Vehumet.
             Demolished by a two-headed ogre
             ... wielding a +0 giant club
              (23 damage)
             ... on level 15 of the Dungeon on Sept 5, 2022.
             The game lasted 02:45:34 (30656 turns).

KamiKatze the Eclecticist (Deep Elf Conjurer)      Turns: 30656, Time: 02:45:43

Health: -18/85     AC: 12    Str:  4    XL:     15   Next: 83%
Magic:  25/37      EV: 14    Int: 31    God:    Vehumet [******]
Gold:   686        SH:  7    Dex: 13    Spells: 16/46 levels left

rFire   . . .      SeeInvis +   c - staff of conjuration
rCold   + . .      Faith    .   W - +2 buckler
rNeg    . . .      Spirit   .   B - +3 leather armour {rC+}
rPois   +          Reflect  .   i - +0 helmet {SInv}
rElec   .          Harm     .   x - +1 cloak
rCorr   +          Rampage  .   y - +2 pair of gloves
Will    +....                   (no boots)
Stlth   ++++......              m - amulet of regeneration
HPRegen 1.04/turn               u - ring of the Glowing Fool {Fly rPois}
MPRegen 0.25/turn               F - ring of resist corrosion

@: spiked, flying, studying Unarmed Combat
A: no striking features
a: Renounce Religion


You were on level 15 of the Dungeon.
You worshipped Vehumet.
Vehumet was exalted by your worship.
You visited 5 branches of the dungeon, and saw 24 of its levels.
You also visited: Ice Cave.

You collected 2334 gold pieces.
You spent 1648 gold pieces at shops.

Inventory:

Hand Weapons
 Z - a +0 dagger of venom
Missiles
 a - a throwing net
Armour
 i - a +0 helmet of see invisible (worn)
 x - a +1 cloak (worn)
 y - a +2 pair of gloves (worn)
 B - a +3 leather armour of cold resistance (worn)
 H - +0 steam dragon scales
 I - a +0 troll leather armour
 L - +0 acid dragon scales
 W - a +2 buckler (worn)
 X - the +1 leather armour of the Poles {rF+ Str+7 Slay-3}
   (You found it on level 5 of the Lair of Beasts)

   Str:       It affects your strength (+7).
   Slay:      It affects your accuracy & damage with ranged weapons and melee
   (-3).
   rF:        It protects you from fire.
Magical Staves
 c - a staff of conjuration (weapon)
 t - a staff of earth
Jewellery
 m - an amulet of regeneration (around neck)
 u - the ring of the Glowing Fool (left hand) {Fly rPois}
   (You found it on level 2 of the Dungeon)

   [ring of flight]

   rPois:     It protects you from poison.
   Fly:       It grants you flight.
 F - a ring of resist corrosion (right hand)
 P - a +4 ring of protection
 R - a +6 ring of dexterity
 Y - the ring "Cenos" {Fire Contam Int+3 Slay+3 SInv}
   (You took it off a kobold demonologist on level 12 of the Dungeon)

   [ring of fire]

   It enhances your fire magic.
   Int:       It affects your intelligence (+3).
   Slay:      It affects your accuracy & damage with ranged weapons and melee
   (+3).
   rF:        It protects you from fire.
   rC:        It makes you vulnerable to cold.
   SInv:      It lets you see invisible.
   Contam:    It causes magical contamination when unequipped.
Wands
 f - a wand of roots (6)
 j - a wand of charming (32)
 w - a wand of flame (38)
 M - a wand of polymorph (6) (quivered)
Scrolls
 d - a scroll of amnesia
 e - 4 scrolls of vulnerability
 h - 4 scrolls of teleportation
 k - a scroll of summoning
 n - 2 scrolls of silence
 o - 3 scrolls of fear
 p - 2 scrolls of immolation
 v - a scroll of enchant armour
 C - 2 scrolls of torment
 G - 2 scrolls of magic mapping
 T - a scroll of acquirement
 U - a scroll of enchant weapon
Potions
 b - a potion of berserk rage
 g - 3 potions of lignification
 l - 3 potions of might
 q - 4 potions of attraction
 r - 3 potions of cancellation
 s - 6 potions of ambrosia
 z - 4 potions of invisibility
 A - 5 potions of curing
 D - 5 potions of mutation
 E - 3 potions of haste
 J - 3 potions of flight
 O - a potion of resistance


   Skills:
 + Level 6.9 Fighting
 - Level 2.0 Throwing
 - Level 9.0 Dodging
 - Level 9.0 Stealth
 - Level 5.0 Shields
 * Level 16.1 Spellcasting
 * Level 14.2 Conjurations
 - Level 10.0 Hexes
 - Level 10.0 Translocations
 + Level 8.6 Fire Magic
 - Level 7.0 Air Magic
 + Level 9.0 Earth Magic
 - Level 6.0 Poison Magic


You had 16 spell levels left.
You knew the following spells:

 Your Spells              Type           Power      Damage    Failure   Level
a - Magic Dart            Conj           100%       1d8       0%          1
b - Searing Ray           Conj           100%       2d8       0%          2
c - Fulminant Prism       Conj/Hex       50%        3d23      1%          4
d - Iskenderun's Mystic   Conj/Tloc      100%       2d19      1%          4
e - Iron Shot             Conj/Erth      49%        9d9       1%          6
f - Fireball              Conj/Fire      48%        3d19      1%          5
g - Airstrike             Air            31%        2d(5-21)  1%          4
r - Olgreb's Toxic Radia  Pois           58%        N/A       1%          4

Your spell library contained the following spells:

 Spells                   Type           Power      Damage    Failure   Level
 Irradiate                Conj/Tmut      40%        3d25      1%          5
 Freeze                   Ice            100%       1d11      1%          1
 Shock                    Conj/Air       100%       1d9       1%          1
 Ensorcelled Hibernation  Hex/Ice        100%       N/A       1%          2
 Passwall                 Tmut/Erth      43%        N/A       1%          2
 Poisonous Vapours        Pois/Air       100%       N/A       1%          2
 Dazzling Flash           Conj/Hex       100%       N/A       1%          3
 Mephitic Cloud           Conj/Pois/Air  89%        N/A       1%          3
 Portal Projectile        Hex/Tloc       100%       N/A       1%          3
 Summon Guardian Golem    Hex/Summ       54%        N/A       1%          3
 Swiftness                Air            62%        N/A       1%          3
 Cause Fear               Hex            36%        N/A       1%          4
 Flame Wave               Conj/Fire      97%        2d20      1%          4
 Hailstorm                Conj/Ice       81%        3d16      1%          4
 Freezing Cloud           Conj/Ice/Air   40%        6-21      1%          5
 Frozen Ramparts          Ice            50%        1d8       3%          3
 Spider Form              Tmut/Pois      43%        N/A       3%          3
 Summon Small Mammal      Summ           100%       N/A       4%          1
 Anguish                  Hex/Necr       27%        N/A       4%          4
 Yara's Violent Unravell  Hex/Tmut       27%        3d12      4%          5
 Dispersal                Tloc           36%        N/A       10%         6
 Call Canine Familiar     Summ           25%        N/A       12%         3
 Simulacrum               Ice/Necr       12%        N/A       99%         6
 Discord                  Hex            36%        N/A       99%         8
 Disjunction              Tloc           36%        N/A       99%         8
 Polar Vortex             Ice            12%        N/A       100%        9


Dungeon Overview and Level Annotations

Branches:
Dungeon (15/15)            Temple (1/1) D:7            Lair (5/5) D:8
 Shoals (0/4) Lair:3        Snake (1/4) Lair:2        Slime (0/5) Lair:5
    Orc (2/2) D:12            Elf (0/3) Orc:2        Vaults (0/5) D:14
  IceCv (visited)
 Depths: D:15

Altars:
Ashenzari
Cheibriados
Dithmenos
Elyvilon
Fedhas
Gozag
Hepliaklqana
Kikubaaqudgha
Makhleb
Nemelex Xobeh
Okawaru
Qazlal
Ru
Sif Muna
Trog
Uskayaw
Vehumet
Wu Jian
Xom
Yredelemnul
Zin
The Shining One
Jiyva

Shops:
D:4 [   D:8 :   Orc:1 **   Orc:2 (!([[[:

Annotations:
D:7 1 runed translucent door, exclusion: door, nawrastar's ghost, novice DrTm
D:8 2 transporters, Leibowitz's ghost, novice KoFi
D:11 3 runed translucent doors, exclusion: 3 doors, Sphara's ghost, journeyman DrWn
D:12 1 runed translucent door, exclusion: door
D:14 3 runed translucent doors, exclusion: 3 doors
Lair:4 3 runed translucent doors, exclusion: 3 doors, DoubleLucky's ghost, journeyman TrFi
Orc:1 2 transporters


Message History

The ogre mage casts a spell.
The ogre mage flickers and vanishes for a moment.
Casting: Iskenderun's Mystic Blast (safe; 1% risk of failure)
Confirm with . or Enter, or press ? or * to list all spells.
You feel a surge of power!
You erupt in a blast of force!
The mystic blast hits the tengu warrior!
You kill the tengu warrior!
Vehumet accepts your kill.
You feel your power returning.
The mystic blast hits the two-headed ogre!
The two-headed ogre is almost dead.
The two-headed ogre is knocked back by the mystic blast.
The mystic blast hits the two-headed ogre!!
The two-headed ogre is severely wounded.
The two-headed ogre is knocked back by the mystic blast.
The two-headed ogre collides with the centaur warrior!
The centaur warrior is moderately wounded.
The two-headed ogre is almost dead.
The mystic blast hits the manticore!!
The manticore is severely wounded.
The manticore is knocked back by the mystic blast.
The manticore collides with the battlesphere!
You destroy the battlesphere!
The manticore is almost dead.
The mystic blast hits the meliai!!
You kill the meliai!
Vehumet accepts your kill.
The mystic blast hits the tengu conjurer!!
You kill the tengu conjurer!
Vehumet accepts your kill.
You feel your power returning.
An ogre comes into view. It is wielding a +0 giant club.
The barbs in your skin will harm you if you move.
Continue?
The centaur warrior shoots a bolt.
The bolt hits you!
* * * LOW HITPOINT WARNING * * *
The centaur warrior shoots a bolt.
The bolt hits you!
* * * LOW HITPOINT WARNING * * *
The two-headed ogre hits you but does no damage.
The two-headed ogre hits you with a +0 giant club!!
You die...

. #) ..?. #.#####u
#...O.O#.......
#...).O[..<.uu.u
.)..)........##. .O
.uu..O)...D#
O#ccO)D.........
##.[)O............
#@O[O○.O..........
#...†.H.##..#........
.....##.†####O##........
.... ...# ... ...# .$
#.... . #...# ###..


You could see a fire dragon, 2 ugly things, 2 centaur warriors, 4 two-headed
ogres, an ogre mage (invisible), a manticore and 3 ogres.

Vanquished Creatures
  2 orc warlords (Orc:2)
  A deep elf annihilator (D:13)
  An ice dragon (D:14)
  Erolcha (D:13)
  6 hydras
  5 catoblepae
  8 centaur warriors
  4 boulder beetles
  6 two-headed ogres
  3 ogre magi
  3 death yaks (Lair:5)
  A death knight (D:10)
  2 tengu warriors (D:15)
  Urug (D:14)
  A deep troll earth mage (D:13)
  A skeletal warrior (D:13)
  A glowing orange brain (shapeshifter) (D:13)
  2 deep trolls (D:15)
  3 deep elf pyromancers
  An oklob plant (Lair:5)
  A necromancer (D:14)
  A lindwurm (Lair:5)
  18 ugly things
  2 orc knights
  6 cyclopes
  3 manticores
  A torpor snail (Lair:4)
  4 black mambas
  Maggie (D:8)
  15 cane toads
  A gargoyle (D:13)
  2 efreet
  An unseen horror (shapeshifter) (D:14)
  3 unseen horrors
  2 kobold demonologists
  A yaktaur (D:14)
  2 freezing wraiths (D:14)
  3 ice devils
  9 komodo dragons
  4 tengu conjurers
  8 trolls
  A queen bee (Lair:2)
  A merfolk (shapeshifter) (D:13)
  3 meliai (D:15)
  5 hornets
  8 polar bears
  9 dream sheep
  6 slime creatures
  A wind drake (Lair:3)
  20 blink frogs
  Prince Ribbit (D:7)
  2 shadows
  A centaur simulacrum (D:14)
  A wraith (D:10)
  Sigmund (D:2)
  13 spriggans (Lair:5)
  2 wyverns (D:10)
  5 vampires
  44 yaks
  15 humans
  Eustachio (D:6)
  A redback (shapeshifter) (D:13)
  A steam dragon (D:10)
  5 basilisks
  19 vampire mosquitoes
  3 wargs
  5 acid dragons
  16 water moccasins
  45 orc warriors
  9 black bears
  An ice beast (D:8)
  A swamp drake (D:12)
  13 ogres
  4 boggarts (Lair:5)
  3 centaurs
  22 wolves
  2 phantoms (D:5)
  Blork the orc (D:4)
  11 bullfrogs
  5 kobold brigands
  3 gnoll sergeants
  A cane toad simulacrum (IceCv)
  A scorpion (D:5)
  8 wights (D:8)
  33 killer bees
  2 howler monkeys (D:11)
  2 electric eels
  2 hounds
  2 jellies
  A gnoll bouda (D:7)
  20 orc priests
  An iguana (D:6)
  Ijyb (D:4)
  40 orc wizards
  2 spriggan simulacra (IceCv)
  18 gnolls
  7 adders
  A naga simulacrum (IceCv)
  A shadow imp (D:6)
  4 white imps
  5 ufetubi
  2 dart slugs
  111 orcs
  5 ball pythons
  2 bats (D:2)
  9 endoplasms
  A giant cockroach (D:3)
  7 goblins
  4 hobgoblins
  3 jackals (D:3)
  8 quokkas
  A frilled lizard (D:1)
  18 kobolds
  5 rats
  A spectral hobgoblin (D:1)
  A bush (Lair:5)
  2 fulminant prisms
783 creatures vanquished.

Vanquished Creatures (collateral kills)
  4 hell rats (Lair:4)
4 creatures vanquished.

Vanquished Creatures (others)
  A human (D:14)
  541 fulminant prisms
  78 fungi
  80 plants
700 creatures vanquished.

Grand Total: 1487 creatures vanquished

Notes
Turn   | Place    | Note
-------+----------+-------------------------------------------
     0 | D:1      | KamiKatze the Deep Elf Conjurer began the quest for the
                  | Orb.
     0 | D:1      | Reached XP level 1. HP: 10/10 MP: 6/6
    74 | D:1      | Found a faded altar of an unknown god.
    94 | D:1      | Reached XP level 2. HP: 13/15 MP: 2/8
   273 | D:1      | Learned a level 2 spell: Searing Ray
   624 | D:2      | Reached skill level 1 in Hexes
   624 | D:2      | Reached XP level 3. HP: 19/19 MP: 6/10
   880 | D:2      | Reached skill level 1 in Translocations
  1146 | D:2      | Identified the ring of the Glowing Fool {Fly rPois}
  1245 | D:2      | Noticed Sigmund
  1250 | D:2      | Killed Sigmund
  1251 | D:2      | Reached skill level 1 in Throwing
  1251 | D:2      | Reached skill level 4 in Spellcasting
  1251 | D:2      | Reached skill level 5 in Conjurations
  1251 | D:2      | Reached XP level 4. HP: 13/24 MP: 5/12
  1251 | D:2      | Reached XP level 5. HP: 15/28 MP: 5/13
  1548 | D:2      | Learned a level 4 spell: Fulminant Prism
  1553 | D:2      | Learned a level 4 spell: Iskenderun's Mystic Blast
  1577 | D:3      | Found a burning altar of Makhleb.
  2248 | D:3      | Found a white marble altar of Elyvilon.
  2263 | D:3      | Found an opulent altar of Gozag.
  2270 | D:3      | Reached XP level 6. HP: 32/32 MP: 9/15
  2371 | D:4      | Found Ycieghott's Antique Armour Shop.
  2379 | D:4      | Bought a pair of runed gloves for 180 gold pieces
  2490 | D:4      | Noticed Ijyb
  2988 | D:4      | Reached skill level 5 in Spellcasting
  3118 | D:4      | Found a shimmering altar of Xom.
  3118 | D:4      | Found a shimmering altar of Xom.
  3129 | D:4      | Found a shimmering altar of Xom.
  3261 | D:4      | Noticed Blork the orc
  3263 | D:4      | Reached XP level 7. HP: 24/36 MP: 8/17
  3542 | D:5      | Entered Level 5 of the Dungeon
  3766 | D:5      | Reached skill level 6 in Spellcasting
  3948 | D:5      | Reached skill level 5 in Hexes
  4274 | D:5      | Reached XP level 8. HP: 41/41 MP: 11/19
  4414 | D:5      | Found a basalt altar of Yredelemnul.
  4602 | D:6      | Learned a level 4 spell: Airstrike
  4683 | D:6      | Noticed Eustachio
  4893 | D:6      | Killed Eustachio
  4894 | D:6      | Reached skill level 7 in Spellcasting
  4894 | D:6      | Reached skill level 1 in Air Magic
  5006 | D:6      | Reached skill level 5 in Translocations
  5814 | D:6      | Found an iron altar of Okawaru.
  5989 | D:7      | Reached XP level 9. HP: 46/46 MP: 16/22
  5998 | D:7      | Noticed Prince Ribbit
  6129 | D:7      | Found a runed translucent door.
  6130 | D:7      | Noticed nawrastar's ghost (novice DrTm)
  6234 | D:7      | Killed Prince Ribbit
  6235 | D:7      | Reached skill level 1 in Fighting
  6520 | D:4      | Killed Ijyb
  6827 | D:4      | Killed Blork the orc
  6908 | D:7      | Reached skill level 8 in Spellcasting
  7088 | D:7      | Found a staircase to the Ecumenical Temple.
  7096 | Temple   | Entered the Ecumenical Temple
  7167 | Temple   | Became a worshipper of Vehumet
  7486 | D:8      | Noticed a two-headed ogre
  7623 | D:8      | Noticed Maggie
  7633 | D:8      | Killed Maggie
  7768 | D:8      | Reached * piety under Vehumet
  7768 | D:8      | Offered knowledge of Sandblast by Vehumet.
  7778 | D:8      | Killed a two-headed ogre
  7779 | D:8      | Reached XP level 10. HP: 53/53 MP: 1/24
  7990 | D:8      | Noticed a two-headed ogre
  8148 | D:8      | Killed a two-headed ogre
  8149 | D:8      | Reached skill level 5 in Stealth
  8149 | D:8      | Reached skill level 9 in Spellcasting
  8230 | D:8      | Found a staircase to the Lair.
  8240 | D:8      | Found a shimmering blue altar of Sif Muna.
  8241 | D:8      | Found a bloodstained altar of Trog.
  8243 | D:8      | Found Wopp's Book Emporium.
  8243 | D:8      | Found an ancient bone altar of Kikubaaqudgha.
  8650 | D:8      | Noticed Leibowitz's ghost (novice KoFi)
  8650 | D:8      | Noticed a moth of wrath
  8669 | D:8      | Found a bloodstained altar of Trog.
  8695 | D:8      | Found a transporter.
  8697 | D:8      | Found a transporter.
  8937 | D:9      | Reached skill level 5 in Dodging
  9075 | D:9      | Found a stormy altar of Qazlal.
  9118 | D:9      | Reached skill level 5 in Air Magic
  9120 | D:9      | Offered knowledge of Foxfire by Vehumet.
  9196 | D:9      | Reached ** piety under Vehumet
  9772 | D:9      | Reached skill level 10 in Spellcasting
  9772 | D:9      | Reached XP level 11. HP: 59/59 MP: 18/27
  9935 | D:10     | Entered Level 10 of the Dungeon
  9936 | D:10     | You are sucked into a shaft and drop 1 floor!
 10139 | D:10     | Found a shadowy altar of Dithmenos.
 10146 | D:10     | Noticed a two-headed ogre
 10155 | D:10     | Noticed a death knight
 10159 | D:10     | Killed a two-headed ogre
 10176 | D:10     | Offered knowledge of Scorch by Vehumet.
 10320 | Lair:1   | Entered Level 1 of the Lair of Beasts
 10944 | Lair:1   | Reached skill level 10 in Hexes
 10956 | Lair:1   | Found a frozen archway.
 10965 | IceCv    | Entered an ice cave
 11044 | IceCv    | Reached *** piety under Vehumet
 11803 | Lair:2   | Offered knowledge of Olgreb's Toxic Radiance by Vehumet.
 11804 | Lair:2   | Reached skill level 11 in Spellcasting
 11807 | Lair:2   | Reached skill level 10 in Conjurations
 12329 | Lair:2   | Reached **** piety under Vehumet
 12335 | Lair:2   | Learned a level 4 spell: Olgreb's Toxic Radiance
 12419 | Lair:2   | Reached XP level 12. HP: 60/64 MP: 22/29
 12498 | Lair:2   | Offered knowledge of Fireball by Vehumet.
 12503 | Lair:2   | Found a staircase to the Snake Pit.
 12525 | Lair:1   | Learned a level 5 spell: Fireball
 13210 | Lair:3   | Reached skill level 1 in Fire Magic
 13296 | Lair:3   | Noticed an eight-headed hydra
 13308 | Lair:3   | Killed an eight-headed hydra
 13309 | Lair:3   | Reached skill level 1 in Poison Magic
 13329 | Lair:3   | Noticed a catoblepas
 13469 | Snake:1  | Entered Level 1 of the Snake Pit
 13469 | Snake:1  | Noticed an anaconda
 13501 | Lair:3   | Reached skill level 1 in Shields
 13721 | Lair:3   | Killed a catoblepas
 13997 | Lair:3   | Found a staircase to the Shoals.
 14099 | Lair:3   | Identified the +5 dagger "Newtslayer" {distort, Dex+4}
 14105 | Lair:3   | Identified the +1 dagger "Ilodor Masch" {vorpal, rN++}
 14137 | Lair:3   | Noticed a boulder beetle
 14148 | Lair:3   | Killed a boulder beetle
 14675 | Lair:4   | Noticed a catoblepas
 14720 | Lair:4   | Noticed a seven-headed hydra
 14728 | Lair:4   | Killed a seven-headed hydra
 14864 | Lair:4   | Reached skill level 12 in Spellcasting
 14930 | Lair:4   | Killed a catoblepas
 15427 | Lair:4   | Identified the +0 plate armour "Qulyf" {Str+4}
 15623 | Lair:4   | Reached skill level 10 in Translocations
 15631 | Lair:4   | Reached ***** piety under Vehumet
 15714 | Lair:4   | Found a runed translucent gate.
 15714 | Lair:4   | Found a runed translucent gate.
 15714 | Lair:4   | Found a runed translucent gate.
 15715 | Lair:4   | Noticed DoubleLucky's ghost (journeyman TrFi)
 15715 | Lair:4   | Noticed a 14-headed hydra
 15716 | Lair:4   | Noticed a 14-headed hydra
 16014 | Lair:5   | Entered Level 5 of the Lair of Beasts
 16018 | Lair:5   | Offered knowledge of Flame Wave by Vehumet.
 16020 | Lair:5   | Reached XP level 13. HP: 72/72 MP: 16/31
 16697 | Lair:5   | Reached skill level 5 in Fire Magic
 17183 | Lair:5   | Reached skill level 13 in Spellcasting
 17637 | Lair:5   | Reached skill level 5 in Fighting
 18047 | Lair:5   | Offered knowledge of Sticky Flame by Vehumet.
 18071 | Lair:5   | Found a staircase to the Slime Pits.
 18072 | Lair:5   | Found a viscous altar of Jiyva.
 18697 | Lair:5   | Identified the +1 leather armour of the Poles {rF+ Str+7
                  | Slay-3}
 18941 | Lair:5   | Reached XP level 14. HP: 78/78 MP: 27/33
 19133 | Lair:1   | Identified a scroll of acquirement
 19169 | D:10     | Reached skill level 5 in Shields
 19716 | D:10     | Found a hide-covered altar of Uskayaw.
 20461 | D:11     | Found a runed translucent gate.
 20461 | D:11     | Found a runed translucent gate.
 20461 | D:11     | Found a runed translucent gate.
 20463 | D:11     | Noticed Sphara's ghost (journeyman DrWn)
 20927 | D:12     | Reached skill level 14 in Spellcasting
 21099 | D:12     | Identified the ring "Cenos" {Fire Contam Int+3 Slay+3 SInv}
 21286 | D:8      | Bought a book of Ice for 690 gold pieces
 21400 | D:12     | Found a runed translucent door.
 21490 | D:12     | Noticed a storm dragon
 21567 | D:12     | Reached skill level 5 in Poison Magic
 22619 | D:12     | Found a staircase to the Orcish Mines.
 22665 | Orc:1    | Entered Level 1 of the Orcish Mines
 23075 | Orc:1    | Found a transporter.
 23157 | Orc:2    | Entered Level 2 of the Orcish Mines
 23169 | Orc:2    | Offered knowledge of Iron Shot by Vehumet.
 23216 | Orc:2    | Found Qihibomm's Book Shoppe.
 23227 | Orc:2    | Bought the Secrets of Bewitchment and Terra Firma for 598
                  | gold pieces
 23234 | Orc:2    | Learned a level 6 spell: Iron Shot
 23262 | Orc:2    | Found Xibitwef's Antique Armour Boutique.
 23321 | Orc:2    | Reached skill level 1 in Earth Magic
 23465 | Orc:2    | Noticed an orc warlord
 23623 | Orc:2    | Killed an orc warlord
 23979 | Orc:2    | Noticed an orc warlord
 24136 | Orc:2    | Killed an orc warlord
 24137 | Orc:2    | Reached skill level 5 in Earth Magic
 24406 | Orc:2    | Found a staircase to the Elven Halls.
 24536 | Orc:2    | Found Mebuelij's Antique Armour Emporium.
 24999 | Orc:2    | Found Razin's Antique Weapon Shop.
 25001 | Orc:2    | Found Kuynawka's Antique Armour Boutique.
 25117 | Orc:2    | Offered knowledge of Starburst by Vehumet.
 25296 | Orc:2    | Found Lehyupek's Antique Weapon Boutique.
 25388 | Orc:2    | Found Zamy's Distillery.
 25793 | Orc:1    | Found Vikitig's Specific Store.
 25798 | Orc:1    | Found Gaax's General Store.
 25871 | Orc:1    | You are sucked into a shaft and drop 1 floor!
 25904 | Orc:1    | Found a transporter.
 25906 | Orc:1    | Noticed a stone giant
 25908 | Orc:1    | Noticed an orc warlord
 26103 | D:13     | Noticed Erolcha
 26109 | D:13     | Killed Erolcha
 26721 | D:14     | Noticed Urug
 26721 | D:14     | Found a gate to the Vaults.
 27044 | D:14     | Reached XP level 15. HP: 31/84 MP: 23/35
 27065 | D:13     | HP: 2/84 [efreet/fireball (23)]
 28169 | D:4      | Bought a shiny helmet for 180 gold pieces
 28724 | D:13     | Reached skill level 15 in Spellcasting
 28883 | D:13     | Got Sif Muna's Book of Fey Clouds
 29342 | D:14     | Killed Urug
 29392 | D:14     | Found a runed translucent door.
 29502 | D:14     | Reached ****** piety under Vehumet
 29853 | D:14     | Offered knowledge of Irradiate by Vehumet.
 30300 | D:14     | Found a runed translucent door.
 30302 | D:14     | Found a runed translucent door.
 30401 | D:14     | Got the Directory of Oozing Pus
 30417 | D:15     | Entered Level 15 of the Dungeon
 30558 | D:15     | Reached skill level 16 in Spellcasting
 30656 | D:15     | Demolished by a two-headed ogre

Illustrated notes

Levels and vault maps discovered:
D:1:      amcnicky_arrival_double_pillar, layout_rooms,
          dreamdust_ecumenical_altar_drowned_temple
D:2:      layout_basic, hangedman_decor_push, minmay_circle_x, uniq_sigmund
D:3:      layout_basic, mainiacjoe_overflow_catwalk,
          mainiacjoe_overflow_large_starburst, kennysheep_donut
D:4:      layout_loops_ring, xom_redecorated, serial_shops,
          nicolae_shop_waterfront, uniq_ijyb, uniq_blork_the_orc
D:5:      layout_cave_pools, mainiacjoe_overflow_boulevard,
          amcnicky_mini_rare_corridor_liquid, minmay_misc_feat_alley,
          grunt_ministairs_14
D:6:      layout_basic, kennysheep_okawaru_gauntlet, uniq_eustachio
D:7:      layout_gridville, minmay_temple_entry_hall,
          ebering_ghost_reflecting_pool, hex_medium, uniq_prince_ribbit1
D:8:      layout_cave_pools, chequers_temple_overflow_statue_of_worship,
          lair_entry_dummy, serial_shops, nicolae_shop_waterfront,
          gammafunk_ghost_wrathful_warriors, uniq_maggie
D:9:      layout_gridville, nicolae_qazlal_general_emergency
D:10:     layout_rooms, kennysheep_little_box, lemuel_tele_altar, minivault_20
D:11:     layout_roguey, gammafunk_ghost_spectres
D:12:     layout_roguey, erik_orc_1, minivault_13
D:13:     evilmike_diamond_1, layout_basic, uniq_erolcha
D:14:     minmay_the_grid_triangle_9x9_recursive_2_mashed
          [minmay_the_grid_triangle_9x9_prize_schism,
          minmay_the_grid_triangle_9x9_limited_checkers,
          minmay_the_grid_triangle_9x9_intruding_spiral,
          minmay_the_grid_triangle_9x9_fully_insulated_deathbox],
          layout_cave_pools, david_vaults_3, dk_noncrumbling_2
D:15:     hangedman_depths_entry_civil_slaughter, layout_rooms,
          skrybe_limestone_x, minmay_sticks_and_stones
Temple:   eino_wide_crystal_templ
Lair:1:   layout_big_grid, portal_ice_cave_demonic_guard, serial_bayou_shore_a,
          grunt_megastairs_3
Lair:2:   layout_cave_pods, dummy_snake_entry, special_room [special_room_bee],
          lemuel_old_faithful
Lair:3:   layout_long_grid, minmay_shoals_entry_beasts
Lair:4:   layout_loops_ring, gammafunk_ghost_hydra_chop
Lair:5:   minmay_lair_end_enchanted_forest, layout_gridlike, slime_entry_1,
          gauntlet_entry_generic, minmay_lair_oklob_items
Snake:1:  layout_grid_shapes, lemuel_fruit_tree
Orc:1:    gammafunk_beogh_shrine, layout_caves, basic_altar,
          nicolae_specific_store, nicolae_orc_flooded_monolith
Orc:2:    grunt_orc_community_town_hall, layout_diamond_mine,
          grunt_orc_community_big_house_2, grunt_orc_community_big_house_2,
          grunt_orc_community_house_3, grunt_orc_community_house_3,
          grunt_orc_community_house_3, grunt_orc_community_house_2,
          grunt_orc_community_house_2, serial_shops, shop,
          nicolae_shop_advertising_works [nicolae_subvault_shop_adworks],
          nicolae_shop_stone

Skill      XL: |  1  2  3  4  5  6  7  8  9 10 11 12 13 14 15 |
---------------+----------------------------------------------+-----
Stealth        | 3 4 5 6 7 9 |  9.0
Dodging        | 3 4 5 6 7 8 9 |  9.0
Hexes          | 1 2 3 4 5 6 8 9 10 | 10.0
Translocations | 2 3 4 5 6 7 8 10 | 10.0
Throwing       | 1 2 |  2.0
Spellcasting   | 4 5 6 7 8 10 11 12 13 14 16 | 16.1
Conjurations   | 5 6 7 8 9 10 11 12 13 14 | 14.2
Air Magic      | 2 4 5 6 7 |  7.0
Fighting       | 1 2 3 4 5 6 |  6.9
Fire Magic     | 4 6 7 8 |  8.6
Poison Magic   | 2 4 5 6 |  6.0
Shields        | 3 4 5 |  5.0
Earth Magic    | 7 9 |  9.0

Action                   |  1- 3 |  4- 6 |  7- 9 | 10-12 | 13-15 || total
-------------------------+-------+-------+-------+-------+-------++-------
Melee: Unarmed           |     3 |       |       |       |       ||     3
       Dagger            |       |     6 |     1 |     6 |    14 ||    27
 Cast: Magic Dart        |    51 |    87 |    50 |    24 |     9 ||   221
       Searing Ray       |     3 |     9 |    19 |    18 |    28 ||    77
       Iskenderun's Myst |       |       |     7 |    57 |   126 ||   190
       Fulminant Prism   |       |       |    51 |   160 |   333 ||   544
       Airstrike         |       |       |       |    13 |    35 ||    48
       Fireball          |       |       |       |    11 |    62 ||    73
       Olgreb's Toxic Ra |       |       |       |     5 |    10 ||    15
       Iron Shot         |       |       |       |       |    52 ||    52
  Use: Scroll            |       |     6 |    15 |     9 |    12 ||    42
       Potion            |       |       |       |     3 |     4 ||     7
Armor: Robe              |     2 |     6 |    10 |       |       ||    18
       Steam dragon scal |       |       |       |    24 |    44 ||    68
       Leather armour    |       |       |       |       |     2 ||     2
Dodge: Dodged            |     8 |     2 |    23 |    46 |    76 ||   155
Block: Buckler           |       |       |       |     4 |    25 ||    29
